 Dungeon Crawl Stone Soup version 0.30-b1-2-g02819fbbbe (webtiles) character file.

Game seed: 7794675439491176604

162 Anon1729 the Ducker (level 5, -1/37 HPs)
             Began as an Octopode Monk on Aug 23, 2023.
             Slain by a black bear (5 damage)
             ... on level 4 of the Dungeon.
             The game lasted 00:01:03 (2707 turns).

Anon1729 the Ducker (Octopode Monk)                 Turns: 2707, Time: 00:01:03

Health: -1/37      AC:  1    Str: 11    XL:     5   Next: 43%
Magic:  5/5        EV: 14    Int: 14    God:
Gold:   193        SH:  0    Dex: 14    Spells: 4/4 levels left

rFire   . .          .
                       - Unarmed
rCold   . . .        u - orb {*channel}
rNeg    . . .        (helmet restricted)
rPois   .            (no amulet)
rElec   .            (no ring)
rCorr   .            (no ring)
SInv    .            (no ring)
Will    .....        (no ring)
Stlth   ++           (no ring)
HPRegen 0.26/turn    (no ring)
MPRegen 0.09/turn    (no ring)
                     (no ring)

%: channel magic (20%)
@: no status effects
A: almost no armour, amphibious, 8 rings, camouflage 1, gelatinous body 1,
(nimble swimmer 1), tentacles
a: no special abilities


You were on level 4 of the Dungeon.
You visited 1 branch of the dungeon, and saw 4 of its levels.

You collected 193 gold pieces.

Inventory:

Armour
 b - an orb of light
 u - an orb of energy (worn)
Jewellery
 j - a ring of fire
 t - an amulet of the acrobat
Wands
 i - a wand of iceblast (4)
Scrolls
 e - 4 scrolls of identify {unknown}
 f - a scroll of summoning {unknown}
 g - a scroll of blinking {unknown}
 l - 2 scrolls of magic mapping {unknown}
 o - 2 scrolls of vulnerability {unknown}
 p - a scroll of enchant armour {unknown}
 v - a scroll of fear {unknown}
 x - a scroll of teleportation {unknown}
Potions
 a - 4 potions of ambrosia
 c - 3 potions of flight {unknown}
 d - a potion of resistance {unknown}
 h - a potion of heal wounds {unknown}
 k - 2 potions of berserk rage {unknown}
 m - a potion of cancellation {unknown}
 n - 3 potions of curing {unknown}
 q - a potion of might {unknown}
 r - 2 potions of degeneration {unknown}
 s - a potion of lignification {unknown}
 w - a potion of brilliance {unknown}


   Skills:
 + Level 4.0 Fighting
 + Level 4.1 Dodging
 + Level 4.1 Unarmed Combat
 + Level 0.4 Spellcasting
 + Level 0.5 Invocations


You had 4 spell levels left.
You didn't know any spells.
Your spell library contained the following spells:

 Spells                   Type           Power      Damage    Failure   Level
 Summon Small Mammal      Summ           0%         N/A       50%         1
 Call Canine Familiar     Summ           0%         N/A       82%         3
 Summon Guardian Golem    Hex/Summ       0%         N/A       82%         3


Dungeon Overview and Level Annotations

Branches:
Dungeon (4/15)             Temple (0/1) D:4

Altars:
Vehumet

Shops:
D:1 (

Annotations:
D:1 2 transporters


Innate Abilities, Weirdness & Mutations

You cannot wear most types of armour.
You are amphibious.
You can wear up to eight rings at the same time.
Your skin changes colour to match your surroundings (Stealth+).
Your rubbery body absorbs attacks. (AC +1, EV +1)
((You are camouflaged when in or above water. (Stealth+)))
You have tentacles for arms and can constrict up to eight enemies at once.


Message History

Beogh smites you!
You tentacle-slap the howler monkey but do no damage.
You tentacle-slap the howler monkey.
The howler monkey is severely wounded.
You constrict the howler monkey. The howler monkey hits you.
The black bear barely misses you. x2; The black bear closely misses you.
You tentacle-slap the howler monkey.
You tentacle-slap the howler monkey, but do no damage.
The howler monkey is almost dead.
You constrict the howler monkey.
You kill the howler monkey!
The black bear completely misses you. The black bear misses you.
The black bear claws you. The orc hits you with a +0 flail.
The orc priest misses you.
Your Fighting skill increases to level 4!
You tentacle-slap the black bear. Your grab misses the black bear.
You squeeze the black bear!
The black bear is heavily wounded.
The black bear closely misses you. The black bear claws you. x2
The orc barely misses you.
The orc priest hits you from afar with a +0 trident.
* * * LOW HITPOINT WARNING * * *
You are too injured to fight recklessly!
You are too injured to fight recklessly!
You are too injured to fight recklessly!
You are too injured to fight recklessly!
You are too injured to fight recklessly!
You are too injured to fight recklessly!
You are too injured to fight recklessly!
You are too injured to fight recklessly!
You are too injured to fight recklessly!
You are too injured to fight recklessly!
You are too injured to fight recklessly!
You are too injured to fight recklessly!
The orc attacks as you move away! The orc hits you but does no damage.
The black bear attacks as you move away!
The black bear bites you.
* * * LOW HITPOINT WARNING * * *
The black bear closely misses you. The black bear claws you.
You die...

## ##...≈≈≈..#.#........
###.##...≈≈≈≈≈............
#....<...≈≈_≈≈..##.#......
.........≈≈.≈≈..#.........
.........≈≈.≈≈............
.........≈≈$≈≈....##......
.##...≈...≈....###...##
#†.†≈.8.≈......#...#.
#...@................
##oh#.###......#.....
#.o#### #.....###....
#.o(# #.......####..
.....# #......## ..
........ #..##.#.# ..
.............. .##.# ..
............. .. #.. [.
.......(.....


You could see a black bear, an orc priest and 2 orcs.

Vanquished Creatures
  A howler monkey (D:4)
  5 adders
  2 worms (D:2)
  2 dart slugs
  3 orcs
  9 bats
  5 endoplasms
  2 giant cockroaches
  4 goblins
  4 hobgoblins
  4 jackals
  3 quokkas (D:2)
  6 ball pythons
  4 frilled lizards
  5 kobolds
  5 rats
64 creatures vanquished.

Notes
Turn   | Place    | Note
-------+----------+-------------------------------------------
     0 | D:1      | Anon1729 the Octopode Monk began the quest for the Orb.
     0 | D:1      | Reached XP level 1. HP: 16/16 MP: 1/1
    42 | D:1      | Found a transporter.
    52 | D:1      | Found Puset's Antique Weapon Emporium.
   217 | D:1      | Reached XP level 2. HP: 17/21 MP: 2/2
   415 | D:1      | Found a transporter.
   717 | D:2      | Reached XP level 3. HP: 8/26 MP: 3/3
   723 | D:2      | HP: 1/26 [poisoned by an adder]
  1197 | D:2      | Reached XP level 4. HP: 31/32 MP: 4/4
  1921 | D:3      | Reached XP level 5. HP: 37/37 MP: 5/5
  2621 | D:4      | Found a staircase to the Ecumenical Temple.
  2681 | D:4      | Found a radiant altar of Vehumet.
  2697 | D:4      | Noticed a black bear
  2707 | D:4      | Slain by a black bear

Illustrated notes

Levels and vault maps discovered:
D:1:      grunt_arrival_crossed_arrows, layout_basic, serial_shops,
          nicolae_shop_drivethru
D:2:      kb_forest_paths, layout_basic, minmay_fractal_squares_5
D:3:      layout_basic, hex_intersection, chequers_serial_rivers_micro_e
D:4:      layout_cave_pools, mainiacjoe_overflow_catwalk, temple_fountains

Skill      XL: |  1  2  3  4  5 |
---------------+----------------+-----
Dodging        | 4 |  4.1
Unarmed Combat | 4 |  4.1
Fighting       | 4 |  4.0
Spellcasting   | |  0.4
Invocations    | |  0.5

Action                     |  1- 3 |  4- 6 || total
---------------------------+-------+-------++-------
  Melee: Unarmed           |    75 |    61 ||   136
         Constrict         |    24 |    21 ||    45
         Tentacles         |    21 |    15 ||    36
         Punch             |     1 |     4 ||     5
   Stab: Sleeping          |     3 |     2 ||     5
 Armour: Skin              |     9 |     2 ||    11
  Dodge: Dodged            |    52 |    46 ||    98
